Map: Jagannatha LE

Players

Future - Winner!

  • Race: Terran Terran

MCanning

  • Race: Protoss Protoss

Event: DreamHack SC2 Masters 2021 Summer

VOD

Have the link to the VOD?

Description

Time

  • Played on: May 29, 2021, 3:27 p.m.
  • Length: 25:13

All games in this series

Show
View Real Time Build Order
Export as new Build Order

Future Terran - Winner!

Build Orders:  

Get SALT Encoding   

  12  0:00  SCV  
  13  0:12  SCV  
  14  0:16  Supply Depot  
  14  0:24  SCV  
  15  0:38  SCV  
  15  0:39  Barracks  
  16  0:50  SCV  
  17  1:01  Supply Depot  
  17  1:02  SCV  
  17  1:04  Refinery  
  18  1:14  SCV  
  19  1:26  Marine  
  19  1:27  Orbital Command  
  20  1:48  Command Center  
  20  1:49  Barracks Reactor  
  20  1:52  SCV  
  21  2:04  SCV  
  22  2:17  SCV  
  22  2:20  Command Center  
  23  2:24  Marine  
  23  2:25  Marine  
  23  2:29  SCV  
  26  2:35  Barracks  
  26  2:41  SCV  
  26  2:42  Marine  
  26  2:43  Marine  
  29  2:49  Bunker  
  29  2:53  SCV  
  30  3:01  Orbital Command  
  30  3:05  SCV  
  31  3:07  Marine x2  
  33  3:17  SCV  
  34  3:23  Barracks Tech Lab  
  34  3:24  Engineering Bay  
  34  3:27  SCV  
  34  3:28  Marine x2  
  34  3:29  SCV  
  34  3:33  Orbital Command  
  38  3:40  SCV  
  39  3:41  SCV  
  39  3:42  Stimpack  
  39  3:46  Factory  
  40  3:52  SCV, Terran Infantry Weapons Level 1  
  40  3:53  SCV, Marine  
  40  3:54  Marine  
  44  3:56  Marine  
  44  4:02  Refinery, SCV  
  46  4:04  SCV  
  46  4:05  SCV  
  46  4:06  Refinery  
  48  4:11  Supply Depot  
  48  4:14  SCV  
  48  4:15  Marine  
  48  4:16  SCV, Marine  
  52  4:17  Marine  
  52  4:18  SCV  
  52  4:22  Missile Turret  
  54  4:27  SCV  
  54  4:28  SCV  
  54  4:30  Starport, SCV  
  57  4:33  Refinery  
  57  4:34  Factory Reactor  
  57  4:36  Supply Depot  
  57  4:39  SCV  
  57  4:40  SCV  
  57  4:42  SCV  
  57  4:45  Marine x2  
  62  4:47  Marauder  
  62  4:51  SCV  
  62  4:52  SCV  
  66  4:54  SCV, Barracks  
  66  4:59  Supply Depot  
  67  5:03  Marine  
  67  5:06  Barracks  
  69  5:09  SCV x2, Marauder  
  69  5:11  SCV  
  74  5:14  Medivac  
  74  5:17  Medivac  
  74  5:19  Supply Depot  
  74  5:20  Factory Tech Lab  
  77  5:23  Supply Depot  
  77  5:27  Barracks  
  77  5:28  Combat Shield  
  77  5:31  SCV  
  77  5:32  SCV  
  77  5:34  Orbital Command  
  79  5:36  Marauder, Marine x2  
  79  5:41  Siege Tank  
  79  5:42  Barracks Reactor  
  86  5:45  Supply Depot  
  86  5:47  SCV, Supply Depot  
  86  5:48  SCV  
  88  5:55  Barracks Tech Lab  
  88  5:57  Terran Infantry Armor Level 1  
  88  5:59  SCV  
  88  6:00  SCV  
  88  6:01  SCV  
  88  6:02  Marine  
  88  6:03  Marauder, Marine  
  95  6:08  Supply Depot  
  95  6:10  Supply Depot  
  95  6:14  SCV  
  95  6:18  SCV  
  97  6:19  Barracks Tech Lab, Marauder  
  97  6:20  Siege Tank  
  97  6:21  SCV  
  97  6:22  Marine x3  
  97  6:23  Marine  
  97  6:25  Medivac  
  109  6:27  Medivac  
  109  6:32  SCV x2  
  113  6:33  Supply Depot  
  113  6:35  SCV, Supply Depot  
  113  6:36  Refinery, Concussive Shells  
  113  6:39  Marauder  
  116  6:41  Marauder  
  117  6:52  Refinery, Siege Tank  
  120  6:56  Supply Depot  
  120  6:59  Marauder, Marine x3  
  120  7:00  Marine  
  120  7:01  Marauder  
  128  7:02  Marauder  
  128  7:05  Bunker, Missile Turret  
  128  7:07  Supply Depot  
  128  7:08  SCV, Supply Depot  
  131  7:10  SCV  
  131  7:11  SCV  
  133  7:16  Missile Turret  
  135  7:24  Marauder x3, Siege Tank  
  135  7:25  Marine x2  
  135  7:27  Marine x2  
  146  7:32  Viking  
  146  7:34  Viking  
  150  7:41  Supply Depot  
  150  7:42  Supply Depot  
  150  7:46  Marauder x3, Marine  
  150  7:47  Marine  
  150  7:48  Marine  
  150  7:49  Marine  
  160  7:56  Siege Tank  
  160  7:58  Supply Depot  
  163  8:02  Viking  
  163  8:04  Marine, Viking  
  163  8:05  Marine  
  168  8:06  Marine x2  
  168  8:11  Armory  
  171  8:13  Engineering Bay  
  171  8:19  Marauder  
  176  8:20  Marauder x2  
  176  8:23  Marine, Ghost Academy  
  176  8:24  Marine  
  184  8:41  Marauder x3, Marine x3  
  184  8:44  Medivac x2  
  191  8:53  Command Center  
  191  8:55  Supply Depot  
  191  9:06  Marauder x3, Marine  
  195  9:13  Siege Tank  
  195  9:16  Marine x2  
  195  9:17  Marine  
  196  9:23  Viking  
  199  9:27  Marauder  
  199  9:38  Viking  
  189  9:58  Siege Tank  
  161  10:09  Marauder, Marine  
  161  10:10  Marauder, Marine  
  130  10:18  Marauder, Marine x2  
  119  10:23  Terran Infantry Weapons Level 2  
  119  10:24  Terran Infantry Armor Level 2, Barracks, Terran Ship Weapons Level 1  
  119  10:25  Barracks  
  119  10:26  Barracks  
  119  10:27  Marine  
  109  10:29  Viking x2  
  109  10:30  Marine, Siege Tank  
  109  10:31  Marauder x2  
  117  10:36  Marine  
  117  10:39  SCV x3, Marauder  
  117  10:40  Marine  
  117  10:42  Enhanced Shockwaves  
  124  10:52  SCV  
  124  10:53  SCV x2, Sensor Tower, Missile Turret  
  124  10:54  Sensor Tower  
  124  10:55  Marauder x2, Marine x2  
  124  10:56  Marine  
  134  10:59  Viking x2  
  134  11:00  Planetary Fortress  
  134  11:01  Marauder  
  134  11:04  Siege Tank  
  143  11:06  SCV x3  
  146  11:15  Barracks Tech Lab x3, Marine  
  146  11:16  Marine x3  
  150  11:22  Refinery, SCV  
  150  11:23  Refinery  
  153  11:28  SCV  
  152  11:33  Ghost x2  
  152  11:35  Ghost x2  
  152  11:36  Sensor Tower, Siege Tank  
  152  11:38  Ghost x2  
  167  11:40  Marine x2  
  167  11:43  Missile Turret  
  169  11:50  Medivac x2  
  173  11:55  Marine x2  
  173  11:58  Marine x2  
  177  12:02  Marauder x2  
  177  12:04  Marauder x2  
  177  12:07  Marauder, Marine  
  177  12:08  Siege Tank  
  191  12:12  Marine  
  191  12:13  Marine  
  191  12:14  Command Center  
  193  12:15  Marine  
  193  12:16  Marine  
  193  12:20  Viking x2  
  199  12:35  Marauder  
  199  12:36  Marauder  
  199  12:45  Command Center  
  199  12:47  Command Center  
  199  12:53  Terran Ship Weapons Level 2  
  199  12:54  Terran Infantry Weapons Level 3, Terran Infantry Armor Level 3  
  179  13:44  Marauder x2  
  179  13:45  Marauder x2  
  178  13:49  Marauder x2, Marine  
  182  14:02  Marine x2  
  148  14:03  Medivac x2, Siege Tank  
  148  14:05  Marauder x2  
  148  14:06  Marauder x2  
  163  14:11  Marauder  
  163  14:12  Marauder  
  163  14:14  Marine  
  163  14:15  Marine  
  164  14:21  Marine  
  164  14:22  Marine  
  160  14:25  Orbital Command x2  
  160  14:27  Marauder x3  
  160  14:28  Marauder  
  160  14:29  Personal Cloaking  
  168  14:32  Starport, Marauder  
  168  14:33  Fusion Core  
  168  14:34  Starport  
  168  14:35  Medivac x2, Siege Tank  
  160  14:47  Marauder  
  160  14:48  Marauder x2, Marine x2  
  160  14:49  Marauder x2  
  162  14:55  Marauder  
  162  14:58  Marine  
  158  15:07  Siege Tank  
  158  15:08  Marauder, Marine  
  158  15:09  Marauder  
  158  15:10  Starport Reactor x2, Marauder x3  
  158  15:14  Planetary Fortress  
  172  15:17  Marauder  
  174  15:22  Advanced Ballistics  
  174  15:27  SCV x2  
  176  15:32  SCV x2  
  176  15:34  SCV  
  179  15:36  SCV  
  179  15:41  Ghost x3  
  184  15:47  Ghost x2  
  185  15:51  Ghost  
  186  15:59  Missile Turret  
  186  16:02  Refinery  
  186  16:03  Refinery  
  186  16:06  Siege Tank  
  189  16:23  Command Center  
  189  16:26  Medivac x2  
  192  16:34  Liberator x2  
  169  16:47  Ghost  
  169  16:48  Ghost x4  
  169  16:52  Marine  
  169  16:53  Marine x3  
  180  17:13  Siege Tank  
  183  17:25  Liberator x3  
  183  17:26  Liberator x3  
  185  17:43  Marauder x6, Marine x2  
  185  17:44  Marine x2  
  190  17:56  Terran Ship Weapons Level 3  
  190  18:04  Marauder  
  190  18:05  Marauder x2  
  196  18:10  Medivac x2  
  183  19:07  Medivac x3  
  183  19:08  Medivac x2  
  190  19:32  Marauder, Command Center  
  190  19:33  Marauder x3, Marine x2  
  178  20:06  Marauder x4, Marine  
  178  20:07  Marine x2  
  152  20:08  Liberator x2  
  152  20:09  Liberator x3  
  152  20:10  Liberator  
  170  20:19  Marine  
  163  20:24  Marine x2  
  163  20:28  Marauder x4  
  173  20:30  Missile Turret  
  173  20:32  Missile Turret  
  166  20:49  Marauder x4  
  173  20:50  Marine x3  
  173  20:52  Liberator x3  
  173  20:53  Liberator  
  173  20:54  Liberator x2  
  189  21:10  Marauder  
  189  21:11  Marauder x3  
  194  21:32  Marauder x2  
  198  21:45  Ghost  
  200  21:52  Command Center  
  200  21:53  Command Center  
  200  22:12  Sensor Tower  
  181  22:36  Marauder x2  
  181  22:37  Marauder x2  
  169  22:38  Marine x2  
  169  22:39  Marine  
  169  22:40  Marine  
  162  22:46  Liberator x3  
  162  22:47  Liberator  
  162  22:48  Liberator  
  177  22:58  Marauder x2  
  181  23:17  Marauder  
  181  23:18  Marauder, Marine x2  
  171  23:24  SCV  
  172  23:35  Orbital Command  
  172  23:45  Sensor Tower  
  172  23:55  Orbital Command  
  172  24:01  SCV x3  
  175  24:08  SCV  
  176  24:22  Missile Turret  
  176  24:29  Marine  
  176  24:30  Marine  
Show
View Real Time Build Order
Export as new Build Order

MCanning Protoss 

Build Orders: 1 Gate Expand, Colossus Rush 

Get SALT Encoding   

  12  0:00  Probe  
  13  0:12  Probe  
  14  0:17  Pylon  
  14  0:24  Probe  
  15  0:36  Gateway  
  15  0:37  Probe (Chrono Boost)  
  16  0:47  Probe (Chrono Boost), Assimilator  
  17  0:52  Probe (Chrono Boost)  
  18  1:03  Probe  
  19  1:15  Probe  
  20  1:24  Nexus  
  20  1:35  Cybernetics Core  
  20  1:37  Probe  
  21  1:45  Pylon  
  21  1:52  Assimilator  
  21  1:54  Probe  
  22  2:06  Probe (Chrono Boost)  
  23  2:08  Adept (Chrono Boost)  
  23  2:10  Warp Gate (Chrono Boost)  
  25  2:18  Probe (Chrono Boost)  
  26  2:23  Pylon  
  26  2:24  Probe (Chrono Boost)  
  27  2:31  Stalker  
  27  2:34  Probe  
  30  2:39  Probe  
  31  2:49  Robotics Facility  
  31  2:51  Probe  
  31  2:58  Probe  
  33  3:01  Sentry  
  33  3:04  Probe (Chrono Boost)  
  37  3:15  Probe (Chrono Boost)  
  37  3:16  Probe (Chrono Boost)  
  38  3:22  Probe (Chrono Boost)  
  38  3:24  Probe (Chrono Boost)  
  40  3:29  Pylon  
  40  3:30  Probe  
  40  3:31  Gateway  
  41  3:35  Probe (Chrono Boost)  
  41  3:38  Observer  
  41  3:39  Robotics Bay  
  43  3:42  Probe (Chrono Boost), Assimilator  
  43  3:45  Assimilator  
  45  3:52  Probe x2 (Chrono Boost)  
  45  3:54  Shield Battery  
  46  3:57  Probe (Chrono Boost)  
  46  3:58  Probe  
  46  3:59  Observer  
  49  4:03  Pylon  
  49  4:08  Probe  
  50  4:10  Probe, Forge  
  50  4:15  Stalker  
  53  4:20  Probe  
  53  4:22  Probe  
  53  4:24  Colossus (Chrono Boost)  
  55  4:28  Observer  
  61  4:34  Extended Thermal Lance  
  61  4:46  Nexus  
  61  4:49  Probe (Chrono Boost)  
  61  4:51  Probe (Chrono Boost)  
  63  4:53  Pylon  
  63  4:55  Protoss Ground Weapons Level 1 (Chrono Boost)  
  63  4:58  Sentry  
  65  5:02  Probe (Chrono Boost)  
  65  5:04  Probe (Chrono Boost)  
  65  5:06  Pylon  
  65  5:07  Probe (Chrono Boost)  
  67  5:12  Probe  
  69  5:18  Pylon  
  69  5:19  Probe, Colossus (Chrono Boost)  
  70  5:24  Probe  
  70  5:26  Observer  
  77  5:30  Forge  
  77  5:31  Probe  
  78  5:35  Twilight Council  
  78  5:36  Probe  
  78  5:37  Sentry  
  81  5:43  Probe  
  81  5:48  Observer, Probe  
  83  5:54  Pylon  
  84  5:57  Probe (Chrono Boost)  
  84  5:58  Probe (Chrono Boost)  
  84  6:04  Pylon  
  86  6:05  Colossus (Chrono Boost)  
  86  6:06  Probe (Chrono Boost)  
  86  6:10  Probe (Chrono Boost)  
  94  6:11  Pylon  
  94  6:12  Probe (Chrono Boost)  
  94  6:15  Probe x2 (Chrono Boost)  
  94  6:17  Assimilator  
  95  6:19  Probe, Assimilator  
  95  6:25  Probe, Stalker  
  99  6:26  Probe  
  99  6:27  Pylon  
  100  6:34  Shield Battery  
  100  6:35  Blink (Chrono Boost)  
  101  6:40  Probe  
  101  6:42  Protoss Ground Armor Level 1 (Chrono Boost)  
  101  6:43  Probe  
  101  6:45  Dark Shrine  
  102  6:49  Disruptor  
  102  6:51  Zealot x2  
  107  6:57  Gateway  
  107  6:58  Gateway  
  107  7:00  Probe  
  108  7:01  Shield Battery  
  108  7:04  Pylon  
  108  7:07  Gateway x2  
  108  7:12  Protoss Ground Weapons Level 2 (Chrono Boost)  
  108  7:17  Observer  
  108  7:19  Robotics Facility  
  108  7:20  Probe  
  109  7:22  Pylon  
  109  7:24  Disruptor  
  109  7:27  Probe  
  113  7:30  Probe, Stalker x2  
  118  7:37  Probe  
  118  7:42  Nexus  
  118  7:43  Pylon  
  119  7:49  Probe, Photon Cannon  
  120  7:55  Zealot  
  122  8:00  Disruptor, Pylon  
  122  8:01  Dark Templar  
  122  8:03  Dark Templar  
  122  8:05  Dark Templar  
  131  8:06  Pylon  
  131  8:09  Observer  
  131  8:14  Zealot x2  
  131  8:16  Charge (Chrono Boost)  
  131  8:17  Disruptor  
  135  8:20  Photon Cannon  
  135  8:21  Shield Battery  
  135  8:24  Stalker  
  135  8:29  Probe  
  134  8:35  Pylon  
  134  8:36  Probe  
  134  8:39  Pylon  
  131  8:46  Gateway, Dark Templar x2  
  131  8:48  Gateway, Protoss Ground Armor Level 2 (Chrono Boost)  
  135  8:49  Templar Archives  
  135  8:51  Archon  
  135  8:53  Dark Templar  
  137  8:57  Probe  
  137  9:02  Zealot  
  140  9:04  Disruptor, Assimilator  
  140  9:11  Zealot x2  
  140  9:16  Immortal  
  146  9:22  Protoss Ground Weapons Level 3 (Chrono Boost)  
  146  9:23  Dark Templar  
  148  9:24  Nexus  
  148  9:26  Zealot x2  
  148  9:27  Zealot  
  151  9:34  Zealot x2  
  152  9:46  Zealot x2  
  152  9:48  Disruptor  
  159  9:54  Zealot x3  
  159  9:59  Zealot x3  
  157  10:03  Disruptor  
  137  10:10  Zealot x2  
  108  10:21  Zealot  
  108  10:22  Zealot x2, Stalker x2  
  118  10:29  Disruptor (Chrono Boost)  
  118  10:34  Probe  
  119  10:36  Colossus (Chrono Boost)  
  119  10:42  Probe  
  126  10:44  Probe  
  126  10:45  Dark Templar x3  
  126  10:46  Zealot x2, Dark Templar  
  126  10:47  Zealot  
  141  10:51  Archon x2  
  141  10:53  Probe, Pylon  
  141  10:54  Probe  
  141  10:56  Assimilator  
  143  11:01  Assimilator  
  143  11:04  Sentry  
  143  11:05  Probe  
  143  11:08  Probe  
  143  11:10  Stalker x3  
  153  11:12  Psionic Storm  
  153  11:17  Probe  
  152  11:25  Protoss Ground Armor Level 3 (Chrono Boost)  
  152  11:27  Nexus  
  152  11:28  Pylon  
  152  11:36  Zealot x2  
  152  11:37  Zealot x3  
  152  11:38  High Templar  
  152  11:39  High Templar  
  164  11:42  Probe  
  165  11:51  Dark Templar  
  167  11:56  Probe  
  167  11:59  High Templar  
  167  12:01  Photon Cannon  
  170  12:02  Photon Cannon  
  170  12:03  Shield Battery  
  170  12:06  Dark Templar  
  172  12:09  Stalker x2  
  172  12:10  Stalker  
  172  12:11  Protoss Shields Level 1 (Chrono Boost)  
  178  12:15  Pylon  
  178  12:21  Zealot x2  
  180  12:22  Pylon  
  176  12:35  Pylon  
  176  12:36  High Templar x2  
  180  12:38  Zealot x3  
  180  12:39  Zealot  
  180  12:40  Nexus  
  180  12:41  Probe  
  189  12:48  High Templar  
  191  12:51  Zealot, Assimilator  
  191  12:57  Assimilator  
  193  13:00  Zealot  
  193  13:01  Zealot, Dark Templar  
  193  13:04  Zealot, Pylon  
  196  13:19  Disruptor  
  182  13:21  Zealot x5  
  182  13:22  Zealot  
  195  13:31  Stalker  
  177  13:49  Zealot x2  
  177  13:50  Zealot x5  
  189  14:00  Disruptor  
  170  14:03  Stalker  
  172  14:10  Stalker x3  
  172  14:15  Zealot x2  
  172  14:16  Zealot  
  170  14:23  Probe  
  170  14:24  High Templar  
  160  14:27  Probe  
  160  14:30  High Templar  
  163  14:38  Disruptor  
  162  14:43  Disruptor  
  153  14:46  Nexus  
  147  15:04  Probe  
  147  15:05  High Templar x3  
  147  15:06  High Templar x2  
  156  15:08  Probe x2  
  156  15:14  Disruptor (Chrono Boost)  
  161  15:16  Probe  
  161  15:18  Pylon  
  161  15:19  Dark Templar  
  161  15:20  Probe x2, Colossus (Chrono Boost)  
  172  15:28  Probe  
  172  15:31  Archon  
  172  15:32  Zealot x2  
  177  15:39  Zealot x4  
  183  15:56  Nexus  
  181  15:58  High Templar x4  
  181  15:59  Pylon  
  181  16:01  Dark Templar  
  191  16:05  Archon x2, High Templar  
  193  16:17  Assimilator, Stalker x2  
  197  16:20  Assimilator  
  197  16:30  Photon Cannon  
  197  16:31  Shield Battery  
  197  16:34  Dark Templar  
  172  16:47  Probe  
  172  16:48  Zealot x5  
  172  16:49  Zealot  
  172  16:50  Colossus x2  
  194  17:05  Protoss Shields Level 2 (Chrono Boost)  
  194  17:06  Probe, High Templar  
  193  17:12  Zealot x3  
  193  17:13  Shadow Stride (Chrono Boost)  
  187  17:24  Stalker x3  
  187  17:25  Stalker  
  175  17:35  Probe  
  170  17:39  Archon  
  170  17:40  Dark Templar  
  170  17:41  Dark Templar x3  
  170  17:43  Colossus  
  180  17:48  Assimilator  
  180  17:51  Assimilator  
  180  17:52  Stalker x2  
  180  17:53  Stalker  
  186  18:02  Nexus  
  186  18:03  Pylon  
  186  18:05  High Templar  
  188  18:06  Photon Cannon  
  188  18:07  Photon Cannon  
  188  18:09  Shield Battery  
  188  18:10  Gateway  
  188  18:11  Gateway  
  188  18:17  Disruptor  
  191  18:22  Dark Templar x4  
  186  18:51  Stalker x4  
  176  19:04  Stalker x4  
  176  19:05  Stalker  
  176  19:09  Probe  
  163  19:12  High Templar  
  163  19:13  Photon Cannon x2  
  163  19:15  Photon Cannon  
  163  19:16  Photon Cannon, Archon  
  154  19:18  Shield Battery  
  148  19:29  Stalker  
  148  19:30  Stalker x4  
  154  19:37  Dark Templar  
  156  19:45  Probe  
  156  19:47  Assimilator  
  156  19:50  Probe, Assimilator  
  156  19:51  Probe x3  
  161  19:57  Probe  
  120  20:08  Archon  
  120  20:09  Stalker x3  
  126  20:19  Stalker  
  126  20:20  Stalker  
  128  20:26  Probe  
  129  20:31  Probe  
  129  20:33  Zealot x2  
  134  20:46  Stalker x3  
  130  20:52  Pylon  
  130  20:56  High Templar x2, Zealot x3  
  122  21:13  Stalker x4  
  125  21:28  Stalker x2  
  127  21:36  Archon  
  127  21:39  Dark Templar  
  125  21:52  High Templar x3  
  131  22:05  Cybernetics Core  
  131  22:06  Pylon, Nexus  
  131  22:08  Gateway  
  129  22:11  Gateway  
  129  22:14  Dark Templar  
  112  22:49  Gateway  
  112  22:50  Gateway  
  112  22:52  Pylon  
  112  22:53  Gateway  
  112  22:54  Pylon  
  112  22:57  Gateway  
  112  22:58  Gateway  
  112  23:02  Pylon  
  112  23:05  Pylon  
  112  23:06  Pylon  
  112  23:08  Pylon  
  96  23:22  Observer  
  96  23:25  Stalker x2  
  90  23:32  Probe  
  90  23:33  Probe x2  
  90  23:34  Pylon  
  93  23:40  Cybernetics Core  
  90  23:54  Observer  
  90  23:55  Probe, Gateway x2  
  90  23:59  Zealot x3  
  97  24:05  Zealot  
  99  24:10  Observer  
  99  24:23  Stalker x3  
  105  24:26  Stalker  
  107  24:44  Pylon  
  105  24:45  Pylon  
  105  24:51  Stalker  
  105  24:52  Stalker x2  
Tags
 
Add a new tag
Caveats
  • Supply blocks, unpowered buildings, or Contaminate may cause inaccurate times.
  • Supply counts are checked every 10 seconds.